 Dungeon Crawl Stone Soup version 0.31-a0-986-g5e6e4ef867 (webtiles) character file.

Game seed: 8569083090334744017

506 jlumianski the Ruffian (level 7, -9/52 HPs)
             Began as a Gnoll Shapeshifter on Nov 20, 2023.
             Engulfed by a cloud of flame (11 damage)
             ... on level 5 of the Dungeon.
             The game lasted 00:10:16 (2459 turns).

jlumianski the Ruffian (Gnoll Shapeshifter)         Turns: 2459, Time: 00:10:16

Health: -9/52      AC:  5    Str: 15    XL:     7   Next: 18%
Magic:  8/10       EV: 12    Int: 10    God:
Gold:   143        SH:  0    Dex: 11    Spells: 10/10 levels left

rFire   . .          .
                       - Unarmed
rCold   . . .        (no shield)
rNeg    . . .        e - +0 ring mail
rPois   .            (helmet currently unavailable)
rElec   .            (cloak currently unavailable)
rCorr   .            (gloves currently unavailable)
SInv    .            (boots currently unavailable)
Will    .....        (no amulet)
Stlth   +            l - ring of wizardry
HPRegen 0.28/turn    (no ring)
MPRegen 0.12/turn

%: wizardry (x1)
@: beast-form
A: beast (slay +3), fangs 1, strong nose, distributed training
a: Begin Untransformation


You were on level 5 of the Dungeon.
You were a hulking beast.
You visited 1 branch of the dungeon, and saw 5 of its levels.

You collected 143 gold pieces.

Inventory:

Hand Weapons
 f - a +0 long sword
 g - a +0 rapier
 i - a +0 sling
Missiles
 q - 6 javelins
 t - 8 poisoned darts (quivered)
Armour
 a - a +0 animal skin
 e - a +0 ring mail (worn)
 k - an orb of guile
 u - a +0 cloak
Magical Staves
 o - a staff of poison
Jewellery
 l - a ring of wizardry (left hand)
Talismans
 c - a beast talisman
 d - a flux talisman
Scrolls
 h - a scroll of teleportation
 w - a scroll of amnesia
Potions
 b - a potion of lignification
 j - 2 potions of invisibility
 r - a potion of cancellation
 s - a potion of enlightenment {unknown}
 v - a potion of magic {unknown}


   Skills:
 + Level 3.5 Fighting
 + Level 2.3 Short Blades
 + Level 2.3 Long Blades
 + Level 2.3 Axes
 + Level 2.3 Maces & Flails
 + Level 2.3 Polearms
 + Level 2.3 Staves
 + Level 2.3 Ranged Weapons
 + Level 2.3 Throwing
 + Level 2.3 Armour
 + Level 5.2 Dodging
 + Level 2.3 Stealth
 + Level 2.3 Shields
 + Level 7.0 Unarmed Combat
 + Level 2.3 Spellcasting
 + Level 1.9 Conjurations
 + Level 1.9 Hexes
 + Level 1.9 Summonings
 + Level 1.9 Necromancy
 + Level 1.9 Translocations
 + Level 1.9 Transmutations
 + Level 1.9 Fire Magic
 + Level 1.9 Ice Magic
 + Level 1.9 Air Magic
 + Level 1.9 Earth Magic
 + Level 1.9 Poison Magic
 + Level 2.6 Invocations
 + Level 2.3 Evocations
 + Level 6.9 Shapeshifting


You had 10 spell levels left.
You didn't know any spells.
Your spell library contained the following spells:

 Spells                   Type           Power      Damage    Failure   Level
 Kiss of Death            Conj/Necr      20%        2d7       11%         1
 Shock                    Conj/Air       20%        1d4       11%         1
 Confusing Touch          Hex            5%         N/A       30%         3
 Dispel Undead            Necr           5%         3d7       67%         4


Dungeon Overview and Level Annotations

Branches:
Dungeon (5/15)
 Temple: D:4-7

Altars:
Ashenzari
Dithmenos
Elyvilon
Fedhas
Kikubaaqudgha
Zin
The Shining One

Shops:
D:1 *


Innate Abilities, Weirdness & Mutations

You are a hulking beast.
Your limbs bulge with bestial killing power. (Slay +3)
You have very sharp teeth.
Your uncanny sense of smell can sniff out nearby items.
Your experience applies equally to all skills.


Message History

You hear an explosion!
The fiery explosion engulfs Duvessa!
Duvessa is moderately wounded.
You feel a bit more experienced.
You hear a shout! x2
Duvessa is engulfed in blazing flames.
Duvessa is engulfed in blazing flames.
You hear a shout!
Throw: 9 darts (poison)
Press: ? - help, Q - select action, (/) - cycle Shift-Dir - straight line, f - butterfly, p - Dowan
Aim: a butterfly (summoned, inner flame, friendly, 42% to hit)
You throw a poisoned dart.
The poisoned dart misses your butterfly.
Dowan hits your butterfly with a +1 dagger of draining!
Your butterfly disappears in a burst of colours!
Your butterfly explodes!
The fiery explosion engulfs your butterfly!!
Your butterfly disappears in a burst of colours!
The fiery explosion engulfs Dowan!!
You kill Dowan!
Duvessa screams in rage.
Duvessa goes berserk!
The fiery explosion engulfs Duvessa!!
You kill Duvessa!
Your butterfly explodes!
The fiery explosion engulfs your butterfly!!
Your butterfly disappears in a burst of colours!
Your butterfly explodes!
The fiery explosion engulfs your butterfly!!
Your butterfly disappears in a burst of colours!
Your butterfly explodes!
Your Unarmed Combat skill increases to level 7!
You have reached level 7!
Your butterfly is engulfed in blazing flames.
Your butterfly disappears in a burst of colours!
Your butterfly explodes!
The fiery explosion engulfs you!!
Ouch! That really hurt!
You are engulfed in blazing flames.
* * * LOW HITPOINT WARNING * * *
You are engulfed in blazing flames.
You die...

...## .....
...... ..§§.
###
##.§☼##.##
##..§§§§§.##
#.>.§.§§§§.#
# #§§h# ...
###.#
b....#...#
#b.b.b○○##
#.#..°○°..#
##☼......#
#☼....T.#
##......#
....####


There were no monsters in sight!

Vanquished Creatures
  A troll (D:5)
  Duvessa (D:5)
  2 lemures (D:5)
  Dowan (D:5)
  An iguana (D:4)
  3 adders
  2 gnolls (D:3)
  A white imp (D:5)
  3 worms
  3 dart slugs
  An orc (D:4)
  6 ball pythons
  An endoplasm (D:2)
  4 goblins
  4 hobgoblins
  5 jackals
  6 quokkas
  4 bats
  4 kobolds
  5 rats
58 creatures vanquished.

Notes
Turn   | Place    | Note
-------+----------+-------------------------------------------
     0 | D:1      | jlumianski the Gnoll Shapeshifter began the quest for the
                  | Orb.
     0 | D:1      | Reached XP level 1. HP: 17/17 MP: 1/1
   314 | D:1      | Reached XP level 2. HP: 22/23 MP: 2/2
   380 | D:1      | Found Loddak's Assorted Antiques.
   643 | D:2      | Reached XP level 3. HP: 21/28 MP: 3/3
   930 | D:2      | Reached skill level 1 in Invocations
   938 | D:2      | Found a glowing silver altar of Zin.
  1047 | D:3      | Identified the "Gifel"
  1556 | D:2      | Reached skill level 1 in Short Blades
  1556 | D:2      | Reached skill level 1 in Long Blades
  1556 | D:2      | Reached skill level 1 in Axes
  1556 | D:2      | Reached skill level 1 in Maces & Flails
  1556 | D:2      | Reached skill level 1 in Polearms
  1556 | D:2      | Reached skill level 1 in Staves
  1556 | D:2      | Reached skill level 1 in Ranged Weapons
  1556 | D:2      | Reached skill level 1 in Throwing
  1556 | D:2      | Reached skill level 1 in Armour
  1556 | D:2      | Reached skill level 1 in Stealth
  1556 | D:2      | Reached skill level 1 in Shields
  1556 | D:2      | Reached skill level 1 in Spellcasting
  1556 | D:2      | Reached skill level 1 in Evocations
  1737 | D:3      | Found a white marble altar of Elyvilon.
  1744 | D:3      | Found an ancient bone altar of Kikubaaqudgha.
  1748 | D:3      | Found a shadowy altar of Dithmenos.
  1782 | D:3      | Found a glowing golden altar of the Shining One.
  1814 | D:3      | Reached XP level 4. HP: 34/34 MP: 5/5
  1936 | D:3      | Found a blossoming altar of Fedhas.
  1952 | D:3      | Found a faded altar of an unknown god.
  2204 | D:4      | Reached skill level 1 in Conjurations
  2204 | D:4      | Reached skill level 1 in Hexes
  2204 | D:4      | Reached skill level 1 in Summonings
  2204 | D:4      | Reached skill level 1 in Necromancy
  2204 | D:4      | Reached skill level 1 in Translocations
  2204 | D:4      | Reached skill level 1 in Transmutations
  2204 | D:4      | Reached skill level 1 in Fire Magic
  2204 | D:4      | Reached skill level 1 in Ice Magic
  2204 | D:4      | Reached skill level 1 in Air Magic
  2204 | D:4      | Reached skill level 1 in Earth Magic
  2204 | D:4      | Reached skill level 1 in Poison Magic
  2271 | D:3      | Reached XP level 5. HP: 33/40 MP: 5/7
  2273 | D:3      | Found a broken altar of Ashenzari.
  2430 | D:5      | Entered Level 5 of the Dungeon
  2441 | D:5      | Noticed a troll
  2443 | D:5      | Killed a troll
  2444 | D:5      | Reached skill level 5 in Dodging
  2444 | D:5      | Reached XP level 6. HP: 47/47 MP: 7/9
  2446 | D:5      | Noticed Dowan
  2449 | D:5      | Noticed Duvessa
  2456 | D:5      | Killed Dowan
  2456 | D:5      | Killed Duvessa
  2457 | D:5      | Reached skill level 7 in Unarmed Combat
  2457 | D:5      | Reached XP level 7. HP: 52/52 MP: 8/10
  2458 | D:5      | HP: 2/52 [cloud of flame (23)]
  2459 | D:5      | Engulfed by a cloud of flame

Illustrated notes

Levels and vault maps discovered:
D:1:      wheals_arrival_linesprint, layout_loops_ring, serial_shops, shop,
          minivault_5, kennysheep_crisscross, serial_bayou_pond_d
D:2:      layout_loops_corners, basic_altar, uniq_crazy_yiuf_cottage
D:3:      layout_basic, fedhas_altar_3, mainiacjoe_overflow_chevrons,
          nicolae_overflow_hidden_temple, minmay_overflow_temple_star_quad,
          shapermc_ecumenical_altar_rom_forum
D:4:      layout_loops_ring, pdpol_wu_jian_five_deadly_venoms, serial_rivers,
          chequers_serial_rivers_large_b, chequers_serial_rivers_large_a,
          chequers_serial_rivers_small_3, chequers_serial_rivers_micro_d,
          chequers_serial_rivers_small_3, chequers_serial_rivers_room_b
D:5:      cheibrodos_barr_body, layout_cave_pools, overflow_temple_1_default,
          enter_ossuary_3, uniq_sigmund, uniq_edmund, uniq_pikel,
          uniq_eustachio, uniq_duvessa

Skill      XL: |  1  2  3  4  5  6 |
---------------+-------------------+-----
Invocations    | 1 2 |  2.6
Short Blades   | 1 2 |  2.3
Long Blades    | 1 2 |  2.3
Axes           | 1 2 |  2.3
Maces & Flails | 1 2 |  2.3
Polearms       | 1 2 |  2.3
Staves         | 1 2 |  2.3
Ranged Weapons | 1 2 |  2.3
Throwing       | 1 2 |  2.3
Armour         | 1 2 |  2.3
Stealth        | 1 2 |  2.3
Shields        | 1 2 |  2.3
Spellcasting   | 1 2 |  2.3
Evocations     | 1 2 |  2.3
Conjurations   | 1 |  1.9
Hexes          | 1 |  1.9
Summonings     | 1 |  1.9
Necromancy     | 1 |  1.9
Translocations | 1 |  1.9
Transmutations | 1 |  1.9
Fire Magic     | 1 |  1.9
Ice Magic      | 1 |  1.9
Air Magic      | 1 |  1.9
Earth Magic    | 1 |  1.9
Poison Magic   | 1 |  1.9
Fighting       | 3 |  3.5
Dodging        | 5 |  5.2
Unarmed Combat | 7 |  7.0
Shapeshifting  | |  6.9

Action                     |  1- 3 |  4- 6 |  7- 9 || total
---------------------------+-------+-------+-------++-------
  Melee: Unarmed           |    73 |    29 |       ||   102
         Bite              |     7 |     5 |       ||    12
         Punch             |     3 |     2 |       ||     5
  Throw: Dart              |       |     1 |       ||     1
    Use: Potion            |     1 |     1 |       ||     2
         Scroll            |     1 |     3 |       ||     4
   Stab: Invisible         |     1 |       |       ||     1
 Armour: Ring mail         |    27 |    13 |     3 ||    43
         Animal skin       |     2 |       |       ||     2
  Dodge: Dodged            |    54 |    15 |       ||    69

Table legend: (Time is in decaauts)
 A = Elapsed time spent in this place.
 B = Non-inter-level travel time spent in this place.
 C = Inter-level travel time spent in this place.
 D = Time resting spent in this place.
 E = Time spent auto-exploring this place.
 F = Levels seen in this place.
 G = Mean time per level.
                   A        B        C        D        E       F      G
               +--------+--------+--------+--------+--------+-----+--------+
         Total |   2448 |   2432 |     16 |      0 |   1410 |   5 |  489.6 |
       Dungeon |   2448 |   2432 |     16 |      0 |   1410 |   5 |  489.6 |
               +--------+--------+--------+--------+--------+-----+--------+

Top non-repeatable levels by time:
     D:1: 937 daAuts
     D:2: 694 daAuts
     D:3: 565 daAuts
     D:4: 222 daAuts
     D:5: 28 daAuts
